Map: Acid Plant LE

Players

Nerchio

  • Race: Zerg Zerg
  • Spawn Location: 11:00

Scarlett - Winner!

  • Race: Zerg Zerg
  • Spawn Location: 5:00

Event: WCS Montreal 2018

VOD

Have the link to the VOD?

Description

Time

  • Played on: Sept. 7, 2018, 6:21 p.m.
  • Length: 12:29

All games in this series

Show
View Real Time Build Order
Export as new Build Order

Nerchio Zerg 

Build Orders: Hatch First 

Get SALT Encoding   

  12  0:00  Drone  
  13  0:12  Overlord  
  13  0:17  Drone  
  14  0:31  Drone x2  
  16  0:48  Hatchery  
  15  0:52  Drone  
  15  0:55  Drone  
  17  0:59  Drone  
  18  1:07  Extractor  
  17  1:15  Spawning Pool  
  17  1:18  Drone  
  17  1:21  Drone  
  18  1:28  Drone  
  19  1:38  Overlord  
  19  1:49  Drone  
  20  2:01  Queen x2  
  20  2:03  Zergling x4  
  26  2:09  Metabolic Boost  
  26  2:13  Drone  
  27  2:17  Drone  
  27  2:22  Drone x2  
  30  2:41  Hatchery  
  30  2:42  Drone  
  30  2:48  Baneling Nest  
  30  2:50  Drone  
  30  2:54  Drone  
  30  2:55  Drone  
  32  3:00  Overlord  
  32  3:06  Drone  
  32  3:12  Drone x3  
  36  3:19  Drone x3  
  39  3:24  Queen  
  41  3:28  Overlord  
  41  3:42  Zergling x2, Evolution Chamber  
  41  3:43  Zergling x2  
  41  3:44  Drone x2  
  41  3:47  Drone, Roach Warren  
  43  3:49  Drone  
  43  3:50  Drone  
  43  3:53  Drone  
  43  3:54  Drone  
  47  3:56  Drone  
  47  3:58  Drone  
  47  3:59  Drone  
  47  4:01  Drone  
  51  4:08  Zerg Missile Weapons Level 1  
  51  4:10  Extractor  
  51  4:11  Drone x3  
  53  4:17  Lair  
  53  4:18  Extractor  
  53  4:21  Overlord  
  52  4:26  Queen  
  52  4:28  Drone  
  52  4:29  Drone x2  
  57  4:32  Overlord  
  57  4:34  Overlord  
  57  4:39  Queen  
  57  4:44  Drone x3  
  57  4:45  Drone x2  
  64  4:46  Drone  
  64  4:48  Drone x2  
  64  4:51  Drone  
  64  4:52  Unknown, Drone  
  68  4:57  Zergling x6  
  70  5:02  Evolution Chamber  
  68  5:08  Zergling x6  
  68  5:12  Extractor  
  70  5:14  Queen  
  70  5:15  Extractor  
  70  5:18  Drone x7  
  70  5:19  Hydralisk Den  
  70  5:21  Baneling  
  77  5:22  Queen  
  77  5:24  Glial Reconstitution  
  79  5:32  Drone x3  
  79  5:35  Overlord  
  82  5:36  Extractor  
  82  5:37  Overlord  
  82  5:42  Overlord  
  81  5:47  Overlord  
  81  5:52  Hatchery  
  81  5:55  Baneling x2  
  81  5:56  Drone x9  
  88  6:00  Drone  
  85  6:05  Overlord  
  85  6:15  Hydralisk x4  
  92  6:20  Hydralisk x4  
  92  6:23  Roach  
  92  6:24  Roach  
  103  6:26  Spore Crawler  
  103  6:31  Overlord x2  
  100  6:34  Zerg Missile Weapons Level 2  
  100  6:36  Roach  
  100  6:37  Roach  
  100  6:38  Unknown  
  100  6:39  Overlord  
  103  6:42  Spore Crawler, Roach  
  103  6:44  Overlord  
  103  6:46  Overlord  
  104  6:49  Overlord  
  104  6:52  Muscular Augments  
  104  6:54  Drone x3  
  107  7:02  Roach x5  
  107  7:04  Roach  
  107  7:06  Roach  
  121  7:09  Zerg Ground Armor Level 1  
  121  7:12  Roach x2  
  121  7:15  Overlord  
  125  7:20  Drone x5  
  130  7:25  Spore Crawler  
  130  7:26  Overlord  
  130  7:27  Spore Crawler  
  128  7:35  Unknown  
  128  7:36  Infestation Pit, Roach x3  
  133  7:40  Drone x3  
  136  7:45  Spore Crawler  
  136  7:46  Spore Crawler  
  136  7:47  Roach x4  
  142  7:54  Drone x3  
  142  7:55  Unknown, Hydralisk  
  142  7:56  Hydralisk x2  
  151  8:03  Roach x3  
  155  8:09  Hydralisk x3  
  155  8:12  Hydralisk  
  139  8:13  Hydralisk  
  139  8:16  Hydralisk  
  141  8:27  Hydralisk x2  
  141  8:28  Hydralisk  
  141  8:30  Spore Crawler x2, Hydralisk  
  141  8:32  Spore Crawler  
  141  8:33  Hydralisk  
  142  8:34  Hydralisk  
  142  8:36  Spore Crawler  
  142  8:38  Hydralisk x2  
  147  8:42  Hydralisk x2  
  151  8:50  Pneumatized Carapace  
  151  8:53  Hydralisk x3  
  151  8:56  Infestor  
  151  9:00  Roach x4  
  161  9:03  Overlord  
  161  9:05  Overlord  
  161  9:07  Overlord  
  161  9:11  Drone x4  
  161  9:12  Drone  
  161  9:15  Drone x2  
  161  9:16  Drone  
  164  9:19  Spore Crawler  
  163  9:25  Roach x4  
  163  9:26  Roach  
  163  9:28  Roach  
  163  9:30  Roach  
  177  9:38  Roach x5  
  172  9:44  Roach  
  172  9:45  Roach x2  
  120  9:47  Roach  
  120  9:51  Hydralisk  
  116  9:54  Drone x3  
  116  9:59  Drone  
  120  10:01  Hydralisk  
  120  10:03  Hydralisk  
  119  10:10  Hydralisk x2  
  121  10:15  Hydralisk  
  121  10:19  Infestor x2  
  127  10:26  Infestor  
  129  10:30  Hydralisk  
  129  10:32  Hydralisk  
  133  10:37  Hydralisk  
  127  10:48  Hydralisk x2  
  129  10:50  Roach  
  129  10:53  Roach x2  
  125  10:58  Roach x2  
  125  11:00  Roach  
  125  11:02  Hatchery, Roach  
  125  11:04  Roach  
  130  11:06  Roach  
  122  11:11  Hydralisk  
  122  11:16  Roach  
  122  11:17  Roach  
  122  11:18  Roach  
  128  11:21  Roach  
  128  11:23  Roach  
  134  11:25  Roach  
  134  11:27  Roach  
  134  11:31  Roach x2  
  140  11:34  Overlord  
  140  11:35  Drone x2  
  142  11:40  Extractor, Hydralisk  
  143  11:49  Hydralisk x3  
  147  11:55  Roach x2  
  147  11:57  Roach  
  147  11:59  Roach  
  153  12:04  Roach x2  
Show
View Real Time Build Order
Export as new Build Order

Scarlett Zerg - Winner!

Build Orders: Hatch First, Muta Ling Bane 

Get SALT Encoding   

  12  0:00  Drone  
  13  0:12  Overlord  
  13  0:16  Drone  
  14  0:30  Drone x2  
  16  0:47  Hatchery  
  15  0:52  Drone  
  15  0:54  Drone  
  17  0:58  Drone  
  18  1:07  Extractor  
  17  1:13  Spawning Pool  
  17  1:16  Drone  
  17  1:20  Drone  
  18  1:28  Drone  
  19  1:38  Drone  
  20  1:49  Drone  
  21  1:59  Queen x2  
  21  2:00  Overlord  
  21  2:01  Drone  
  26  2:08  Metabolic Boost  
  26  2:11  Drone  
  26  2:12  Drone  
  28  2:22  Drone x2  
  30  2:35  Drone, Zergling x2, Queen  
  34  2:38  Queen  
  34  2:43  Overlord  
  36  2:53  Baneling Nest  
  36  2:54  Drone  
  36  3:03  Drone x2  
  38  3:07  Drone x5  
  38  3:09  Drone  
  44  3:14  Lair  
  44  3:20  Overlord  
  44  3:22  Extractor x2  
  44  3:23  Drone  
  44  3:26  Extractor  
  43  3:27  Drone  
  43  3:35  Zergling x2  
  43  3:40  Drone x3  
  47  3:44  Baneling x2, Drone  
  47  3:46  Drone x4  
  52  3:49  Overlord  
  52  4:02  Hatchery  
  51  4:06  Overlord  
  51  4:09  Drone  
  52  4:12  Drone  
  52  4:13  Drone x2  
  55  4:21  Spire  
  54  4:27  Drone x3  
  54  4:29  Overseer  
  57  4:31  Zergling x2  
  57  4:35  Drone  
  57  4:36  Zergling x4  
  61  4:40  Drone x2  
  63  4:46  Overlord  
  63  4:47  Drone x3  
  63  4:51  Overlord  
  66  4:59  Overlord, Drone  
  68  5:00  Overlord, Drone  
  68  5:03  Overlord  
  68  5:08  Baneling  
  68  5:10  Overlord  
  68  5:21  Drone x5  
  73  5:24  Drone  
  73  5:25  Extractor x2, Drone  
  73  5:35  Mutalisk x6  
  72  5:42  Zerg Flyer Weapons Level 1  
  84  5:46  Overlord  
  84  5:47  Overlord  
  84  5:54  Drone x5  
  89  6:03  Mutalisk x2  
  90  6:04  Centrifical Hooks  
  90  6:07  Mutalisk x2  
  95  6:13  Drone x2  
  91  6:19  Drone x7  
  91  6:24  Hatchery  
  96  6:28  Mutalisk  
  96  6:29  Mutalisk x2  
  97  6:41  Mutalisk x3  
  97  6:44  Overlord  
  103  6:48  Mutalisk, Evolution Chamber  
  103  6:49  Zergling x12  
  110  6:58  Mutalisk x2  
  110  7:00  Overlord x3  
  114  7:05  Mutalisk  
  114  7:07  Zergling x2  
  117  7:12  Mutalisk  
  119  7:15  Zergling x12  
  119  7:17  Queen  
  119  7:20  Mutalisk  
  119  7:21  Mutalisk  
  131  7:23  Zergling x4  
  131  7:26  Zergling x2  
  134  7:31  Baneling x5  
  134  7:32  Zergling x2  
  134  7:33  Baneling  
  134  7:34  Zergling x2  
  136  7:39  Zergling x4  
  136  7:41  Baneling x6  
  138  7:45  Zergling x12  
  138  7:46  Zergling x2  
  138  7:51  Baneling x5  
  145  7:52  Zergling x6  
  145  7:53  Zergling x6  
  151  7:59  Zergling x6  
  151  8:00  Zergling x2  
  138  8:15  Mutalisk x2  
  139  8:20  Zergling x24  
  139  8:23  Zerg Flyer Weapons Level 2  
  139  8:26  Zerg Melee Weapons Level 1  
  147  8:29  Zergling x8  
  150  8:35  Mutalisk  
  150  8:38  Overlord x2  
  152  8:43  Zergling x2  
  152  8:44  Zergling x12  
  152  8:46  Baneling x15  
  159  8:59  Overlord x3  
  159  9:02  Zergling x14  
  166  9:05  Baneling x5  
  166  9:06  Baneling  
  166  9:11  Zergling x6  
  166  9:12  Zergling x4  
  166  9:13  Baneling x3  
  169  9:17  Baneling x6  
  169  9:24  Zergling x2  
  169  9:25  Zergling x14  
  169  9:28  Overseer  
  171  9:45  Mutalisk x5  
  141  9:48  Zergling x20  
  130  10:09  Mutalisk  
  130  10:10  Mutalisk, Zergling x6  
  130  10:11  Zergling x12  
  141  10:18  Zergling x4  
  142  10:21  Baneling  
  142  10:22  Baneling x10  
  142  10:31  Zergling x12  
  144  10:41  Drone x9  
  144  10:47  Drone  
  144  10:48  Drone x2  
  136  11:00  Zergling x8  
  137  11:05  Spine Crawler  
  137  11:09  Mutalisk x2  
  137  11:10  Zergling x14  
  141  11:12  Baneling x13  
  141  11:21  Zergling x12  
  147  11:27  Zergling x6  
  147  11:28  Baneling x6  
  147  11:31  Zergling x8  
  154  11:33  Baneling x2, Zergling x2  
  154  11:34  Zergling x4  
  154  11:38  Zergling x6  
  160  11:43  Baneling x9  
  160  11:51  Zergling x12  
  160  11:52  Baneling x4  
  160  11:53  Baneling x4  
Tags
 
Add a new tag
Caveats
  • Supply blocks, unpowered buildings, or Contaminate may cause inaccurate times.
  • Supply counts are checked every 10 seconds.